[Event "Spring Chess Classic A 2024"]
[Site "Saint Louis"]
[Date "2024.04.13"]
[Round "3.4"]
[White "Yoo, Christopher Woojin"]
[Black "Swiercz, Dariusz"]
[Result "1/2-1/2"]
[ECO "C89"]
[WhiteElo "2583"]
[BlackElo "2612"]
[Annotator "RC"]
[PlyCount "130"]
[EventDate "2024.04.11"]
[EventCountry "USA"]
[SourceTitle "playchess.com"]
[Source "ChessBase"]
[SourceQuality "1"]
[TimeControl "7200+30"]

1. e4 e5 2. Nf3 Nc6 3. Bb5 a6 4. Ba4 Nf6 5. O-O Be7 6. Re1 b5 7. Bb3 O-O 8. c3 d5 9. exd5 Nxd5 10. Nxe5 Nxe5 11. Rxe5 c6 12. d3 Bd6 13. Re1 Bf5 14. Nd2 Nf4 15. Ne4 Nxd3 16. Bg5 Qd7 17. Nxd6 Qxd6 18. Bc2 Qg6 19. Bxd3 Bxd3 20. Re3 Qxg5 21. Rxd3 Rad8 22. g3 g6 23. a4 Rxd3 24. Qxd3 Rd8 25. Qf3 Qd5 26. Qxd5 Rxd5 27. axb5 axb5 28. Ra6 Rd2 29. Rxc6 Rxb2 30. c4 bxc4 31. Rxc4 h5 32. h4 Kg7 33. Kg2 Ra2 34. Rc5 Rb2 35. Rc3 Ra2 36. Re3 Rb2 37. Kf3 Ra2 38. Rc3 Rb2 39. Ke3 Ra2 40. Rd3 Rb2 41. Kf3 Ra2 42. Rd1 Rb2 43. Rh1 Ra2 44. Rg1 Rb2 45. Rf1 Ra2 46. Re1 Rb2 47. Rd1 Ra2 48. Ke3 Rb2 49. f3 Ra2 50. Rd4 Ra3+ 51. Kf4 Ra1 52. g4 hxg4 53. fxg4 Rf1+ 54. Kg3 Rg1+ 55. Kh2 Ra1 56. g5 Ra3 57. Kg2 Rb3 58. Rf4 Ra3 59. Rf3 Ra4 60. Kg3 Rb4 61. Rf4 Rb3+ 62. Kg4 Rb1 63. Kg3 Rb3+ 64. Kg4 Rb1 65. Kg3 Rb3+ 1/2-1/2

[Event "Spring Chess Classic A 2024"]
[Site "Saint Louis"]
[Date "2024.04.14"]
[Round "3.5"]
[White "Theodorou, Nikolas"]
[Black "Antipov, Mikhail Al."]
[Result "1-0"]
[ECO "E08"]
[WhiteElo "2622"]
[BlackElo "2574"]
[Annotator "RC"]
[PlyCount "123"]
[EventDate "2024.04.11"]
[EventCountry "USA"]
[SourceTitle "playchess.com"]
[Source "ChessBase"]
[SourceQuality "1"]
[TimeControl "7200+30"]

1. Nf3 d5 2. d4 Nf6 3. c4 e6 4. g3 Bb4+ 5. Bd2 Be7 6. Bg2 O-O 7. O-O Nbd7 8. Qc2 c6 9. Bf4 b6 10. cxd5 cxd5 11. Rc1 Bb7 12. Nc3 Nh5 13. Be5 Rc8 14. Qd1 a6 15. Rc2 Nhf6 16. Bf4 Nh5 17. Bd2 h6 18. Rac1 Bd6 19. Ne1 Nhf6 20. Nd3 Qe7 21. Bf4 Rfd8 22. e3 Ne8 23. Bf1 Bxf4 24. exf4 Rc7 25. Qe1 Qd6 26. a3 Rdc8 27. Ne5 Nb8 28. Qd1 Qd8 29. Na4 Nd6 30. Bd3 Rxc2 31. Rxc2 Nc6 32. Bf1 Nf5 33. Nf3 Nd6 34. h4 a5 35. h5 Ne7 36. Rxc8 Ndxc8 37. Ne5 Bc6 38. Nc3 Nd6 39. Bd3 Be8 40. g4 f6 41. Nf3 f5 42. Ne5 fxg4 43. Qxg4 Ndf5 44. Ne2 Qc8 45. Nf3 Ba4 46. Nc3 Be8 47. Ne2 Bf7 48. Kh2 Kf8 49. Qh3 Qe8 50. Ng3 Nxg3 51. fxg3 Bxh5 52. g4 Bg6 53. f5 exf5 54. gxf5 Bh7 55. Ne5 Ng8 56. Qh4 Nf6 57. Kg2 Qc8 58. Qf4 Qe8 59. Qc1 Ne4 60. Qc7 Bxf5 61. Bb5 Bh3+ 62. Kh2 1-0

[Event "Spring Chess Classic A 2024"]
[Site "Saint Louis"]
[Date "2024.04.15"]
[Round "4.1"]
[White "Mendonca, Leon Luke"]
[Black "Antipov, Mikhail Al."]
[Result "0-1"]
[ECO "C54"]
[WhiteElo "2626"]
[BlackElo "2574"]
[Annotator "TA"]
[PlyCount "106"]
[EventDate "2024.04.11"]
[EventCountry "USA"]
[SourceTitle "playchess.com"]
[Source "ChessBase"]
[SourceQuality "1"]
[TimeControl "7200+30"]

1. e4 e5 2. Nf3 Nc6 3. Bc4 Bc5 4. d3 Nf6 5. c3 d6 6. O-O a6 7. a4 {[%emt 0:01:53] C54: Giuoco Piano: 4 c3 Nf6, main lines with 5 d4 and 5 d3.} Ba7 8. Be3 Bxe3 9. fxe3 O-O 10. Nbd2 Qe7 $1 $146 {[%emt 0:02:47][%mdl 8] A relevant novelty.} ({Predecessor:} 10... Ne7 11. a5 Ng6 12. Bb3 h6 13. Re1 Re8 14. Qc2 c6 15. Nc4 Be6 16. Nb6 Rb8 17. Bxe6 Rxe6 {½-½ Kravtsiv,M (2677)-Sokolov,I (2603) EU-chT (Men) 21st 2017 (2.4)}) 11. d4 a5 12. Qe1 Bd7 13. Qg3 Rae8 14. Bd3 g6 15. Rae1 b6 16. Nc4 Bc8 17. Nfd2 Kg7 18. Qf3 Bg4 19. Qg3 Bc8 20. Qf3 Bg4 21. Qf2 h6 22. Rb1 Bd7 23. Ra1 Ra8 24. Na3 Nd8 25. Nb5 Ne6 26. Rae1 Rac8 27. b4 Ra8 28. Ra1 (28. Rc1 $11 {keeps the balance.}) 28... Rfc8 (28... axb4 $17 29. cxb4 exd4 30. exd4 d5) 29. Nf3 Ng5 30. Nxg5 hxg5 31. Qg3 ({Better is} 31. bxa5 $15 Rxa5 32. c4) 31... g4 (31... Bxb5 $17 32. Bxb5 Nxe4) 32. Qh4 (32. bxa5 $15 Nh5 (32... Rxa5 33. c4 $17) 33. Qe1) 32... Bxb5 $19 33. axb5 axb4 34. cxb4 Rh8 35. Qg3 (35. Qe1 $17) 35... exd4 $19 36. exd4 Nxe4 37. Qxg4 Rxa1 38. Rxa1 Rh4 39. Qe2 {[%emt 0:01:04] [#]} Qf6 $1 40. Qe3 Nc3 41. g3 Qxd4 42. Qxd4+ Rxd4 43. Bf1 Rxb4 44. Ra7 Nxb5 ({Don't play} 44... Rb1 45. Kg2 $19) 45. Bxb5 Rxb5 46. Rxc7 Kf6 47. Kg2 (47. Rc2 {is a better defense.}) 47... Rb2+ $19 48. Kf3 b5 49. h4 b4 50. g4 $2 (50. Rb7) 50... b3 $2 (50... Rb1 {Strongly threatening ...b3.} 51. Rc6 Ke5) 51. Rb7 $2 (51. Rc1) 51... Rb1 $19 52. Kg2 b2 53. Rb6 Ke5 0-1

[Event "Spring Chess Classic A 2024"]
[Site "Saint Louis"]
[Date "2024.04.15"]
[Round "4.2"]
[White "Swiercz, Dariusz"]
[Black "Theodorou, Nikolas"]
[Result "1/2-1/2"]
[ECO "A20"]
[WhiteElo "2612"]
[BlackElo "2622"]
[Annotator "RC"]
[PlyCount "51"]
[EventDate "2024.04.11"]
[EventCountry "USA"]
[SourceTitle "playchess.com"]
[Source "ChessBase"]
[SourceQuality "1"]
[TimeControl "7200+30"]

1. c4 e5 2. g3 c6 3. Nf3 e4 4. Nd4 d5 5. cxd5 Qb6 6. Nb3 a5 7. d3 a4 8. N3d2 exd3 9. Bg2 Nf6 10. O-O cxd5 11. exd3 Nc6 12. Nc3 Qa5 13. Re1+ Be6 14. Bh3 Be7 15. Bxe6 fxe6 16. Nf3 O-O 17. d4 Bb4 18. Rxe6 Bxc3 19. bxc3 Ne4 20. Bf4 Qxc3 21. Rb1 Qa3 22. Qe2 Nc3 23. Qc2 Ne4 24. Qe2 Nc3 25. Qc2 Ne4 26. Qe2 1/2-1/2

[Event "Spring Chess Classic A 2024"]
[Site "Saint Louis"]
[Date "2024.04.14"]
[Round "4.3"]
[White "Aryan Chopra"]
[Black "Yoo, Christopher Woojin"]
[Result "1/2-1/2"]
[ECO "B48"]
[WhiteElo "2630"]
[BlackElo "2583"]
[Annotator "TA"]
[PlyCount "60"]
[EventDate "2024.04.11"]
[EventCountry "USA"]
[SourceTitle "playchess.com"]
[Source "ChessBase"]
[SourceQuality "1"]
[TimeControl "7200+30"]

1. e4 c5 2. Nf3 Nc6 3. d4 cxd4 4. Nxd4 e6 5. Nc3 Qc7 6. Be3 a6 7. Qf3 b5 8. Qg3 Bd6 9. f4 $1 {[%emt 0:02:30] White is slightly better.} (9. Qxg7 $2 Be5 10. Qg4 Nxd4 $19 (10... Bxd4 $2 11. Bxd4 Nxd4 12. O-O-O $17)) 9... Nxd4 10. Bxd4 Ne7 $1 11. e5 (11. Bxg7 $2 {is the wrong capture.} Rg8 12. e5 Bb4 $19) (11. Qxg7 $5 Ng6 12. e5 $11) 11... Bc5 12. Bxc5 ({Reject} 12. Qxg7 Rg8 13. Qxh7 Bxd4 $15) 12... Qxc5 13. O-O-O {[%emt 0:00:21][%cal Oc3e4] [#] Black must now prevent Ne4!} Nf5 14. Qd3 {[%emt 0:00:50] Black should prevent Ne4.} Qe3+ 15. Qxe3 Nxe3 16. Re1 Nxf1 17. Rhxf1 Bb7 18. Ne4 Bxe4 19. Rxe4 $11 {[%emt 0:00:05][%mdl 4096] Endgame. KRR-KRR} Ke7 20. a4 f6 21. Kd2 fxe5 22. axb5 exf4 (22... Rhb8 $11) 23. Rexf4 (23. bxa6 $1 $14 f3 (23... Rxa6 24. Rexf4 Rd6+ 25. Ke3 $16) 24. Rxf3 (24. gxf3 Rxa6 25. Rh4 g6 $14) 24... Rxa6 25. Rg4) 23... axb5 {[%emt 0:00:18] The position is equal.} 24. Rf7+ Kd6 25. R1f3 Rad8 26. Rd3+ Kc6 27. Rc3+ Kd6 28. Rd3+ Kc6 29. Rc3+ Kd6 30. Rd3+ Kc6 {[%emt 0:00:01] Weighted Error Value: White=0.08 (flawless) /Black=0.06 (flawless) .  Mistake:       	White=1     	Black=1      Inaccurate:     	White=2     	Black=1      OK:         	White=5     	Black=13     Best:        	---       	Black=2      Strong:       	White=1     	Black=1} 1/2-1/2

[Event "Spring Chess Classic A 2024"]
[Site "Saint Louis"]
[Date "2024.04.15"]
[Round "4.4"]
[White "Mishra, Abhimanyu"]
[Black "Ter-Sahakyan, Samvel"]
[Result "1/2-1/2"]
[ECO "E11"]
[WhiteElo "2626"]
[BlackElo "2644"]
[Annotator "RC"]
[PlyCount "84"]
[EventDate "2024.04.11"]
[EventCountry "USA"]
[SourceTitle "playchess.com"]
[Source "ChessBase"]
[SourceQuality "1"]
[TimeControl "7200+30"]

1. d4 Nf6 2. c4 e6 3. Nf3 Bb4+ 4. Nbd2 a5 5. a3 Be7 6. e4 d5 7. Bd3 c5 8. e5 Nfd7 9. O-O Nc6 10. Re1 O-O 11. Bc2 Qb6 12. cxd5 exd5 13. dxc5 Nxc5 14. Nf1 Rd8 15. Ne3 d4 16. Nf5 d3 17. Nxe7+ Nxe7 18. Be3 Bf5 19. Bb3 Rac8 20. Rc1 Qxb3 21. Bxc5 Qxd1 22. Rexd1 Nd5 23. Nh4 Be4 24. Rc4 f5 25. exf6 Nxf6 26. Rd4 Rxd4 27. Bxd4 h5 28. Nf3 Nd5 29. Ne1 Rc4 30. Be5 Bg6 31. Kf1 Be8 32. Nxd3 Bb5 33. Kg1 Re4 34. f3 Re2 35. Nf4 Nxf4 36. Bxf4 Rxb2 37. Rd5 Rb1+ 38. Kf2 Rb2+ 39. Kg1 Rb1+ 40. Kf2 Rb2+ 41. Ke3 Rb3+ 42. Kf2 Rb2+ 1/2-1/2

[Event "Spring Chess Classic A 2024"]
[Site "Saint Louis"]
[Date "2024.04.15"]
[Round "4.5"]
[White "Hakobyan, Aram"]
[Black "Bok, Benjamin"]
[Result "1-0"]
[ECO "D15"]
[WhiteElo "2619"]
[BlackElo "2620"]
[Annotator "TA"]
[PlyCount "121"]
[EventDate "2024.04.11"]
[EventCountry "USA"]
[SourceTitle "playchess.com"]
[Source "ChessBase"]
[SourceQuality "1"]
[TimeControl "7200+30"]

1. d4 d5 2. c4 c6 3. Nf3 Nf6 4. Nc3 dxc4 5. e4 b5 6. a4 (6. Be2 $11) 6... b4 $15 7. Na2 Nxe4 {[%emt 0:02:07] White must now prevent ...b3.} 8. Bxc4 e6 {[%emt 0:03:02] Black is slightly better.} 9. O-O Be7 10. Re1 Nf6 11. Ne5 O-O 12. Bg5 a5 13. Nc1 Nd5 14. Bxe7 Nxe7 15. Qg4 Ng6 16. Ncd3 Nd7 17. Rad1 (17. Nxf7 $5 Rxf7 18. Qxe6 $11) 17... Ndxe5 18. dxe5 Qe7 19. Nf4 Rd8 20. Nxg6 hxg6 21. Rxd8+ Qxd8 22. Rd1 Qe7 23. Rd6 Ba6 24. Bb3 c5 25. Rxe6 Qd7 (25... fxe6 $2 26. Bxe6+ $18) (25... Qc7 $1 $11 26. Qe4 (26. Rxg6 Qxe5 27. h3 c4 $11) 26... Bb7) 26. Rxg6 Qxg4 27. Rxg4 $14 {[%emt 0:00:01][%mdl 4096] Endgame. KRB-KRB} Rd8 {[%emt 0:00:57][%cal Oc5c4] Strongly threatening ...c4!} 28. h3 ({White should try} 28. h4 $16) 28... Rd3 (28... Be2 $1 $11 29. Re4 (29. Rf4 g5 $11) 29... Bd1) 29. Bc4 $1 Bxc4 30. Rxc4 {[%emt 0:00:03] KR-KR} Rd1+ 31. Kh2 Rd5 32. f4 Kf8 33. Kg3 Ke7 34. Kf3 Kd7 35. Ke2 Kc6 36. h4 g6 {[%emt 0:00:13] [#]} (36... Rd8 $16 37. b3 f6) 37. g3 $1 $18 Rd7 38. Rc2 (38. Rc1 $18) 38... Re7 (38... Rd4 $16 {was necessary.}) 39. Ke3 f6 40. Ke4 f5+ 41. Ke3 Rd7 42. b3 $2 (42. g4 $18 {aiming for h5.} fxg4 43. Rg2) 42... Rd1 $14 43. Rd2 Rxd2 44. Kxd2 {[%emt 0:00:01] KP-KP} Kd5 45. Kd3 c4+ $1 46. bxc4+ Ke6 47. Kd4 Ke7 48. c5 {[%emt 0:00:15] And now c6 would win.} Kd7 49. Kc4 (49. Ke3 $5) 49... Ke6 $2 (49... Kd8 $14) 50. c6 $18 Ke7 51. Kd3 Ke6 52. Kd2 (52. Kc4 Ke7 53. Kd3 Ke6 $16) 52... Ke7 53. Ke2 Ke6 54. g4 fxg4 {[%emt 0:00:12] [#]} 55. h5 $1 b3 56. hxg6 {[%emt 0:00:33] White threatens g7 and mate.} b2 57. c7 Kd7 58. c8=Q+ Kxc8 59. g7 b1=Q {[%emt 0:00:04] ( -> ...Qh7)} 60. g8=Q+ Kc7 $2 (60... Kb7 61. Qd5+ (61. Qxg4 Qe4+ 62. Kf1 Qxa4 $16) 61... Kb6) 61. Qc4+ {[%emt 0:00:13] Weighted Error Value: White=0.22 (precise) /Black=0.15 (very precise) .  Loses game:     	---       	Black=1      Missed win:     	White=1     	---        Mistake:       	White=2     	Black=5      Inaccurate:     	White=1     	Black=4      OK:         	White=17    	Black=13     Best:        	White=6     	Black=6      Strong:       	White=2     	Black=1} ({Weaker is} 61. Qxg4 Qe4+ 62. Kf2 Qd4+ 63. Kg3 Qxa4 $14) 1-0

[Event "Spring Chess Classic A 2024"]
[Site "Saint Louis"]
[Date "2024.04.16"]
[Round "5.1"]
[White "Bok, Benjamin"]
[Black "Mendonca, Leon Luke"]
[Result "0-1"]
[ECO "E08"]
[WhiteElo "2620"]
[BlackElo "2626"]
[Annotator "RC"]
[PlyCount "84"]
[EventDate "2024.04.11"]
[EventCountry "USA"]
[SourceTitle "playchess.com"]
[Source "ChessBase"]
[SourceQuality "1"]
[TimeControl "7200+30"]

1. d4 Nf6 2. c4 e6 3. Nf3 d5 4. g3 Bb4+ 5. Bd2 Be7 6. Bg2 O-O 7. O-O c6 8. Qc2 Nbd7 9. Bf4 a5 10. Rd1 h6 11. Ne5 a4 12. Nc3 a3 13. b3 g5 14. Nxd7 Nxd7 15. Bd2 f5 16. f3 Nf6 17. Be1 f4 18. Bf2 Nh5 19. e4 fxe3 20. Bxe3 Ng7 21. Bf2 Bd6 22. Na4 b5 23. cxb5 cxb5 24. Nc5 Ra7 25. Nd3 Nf5 26. Rac1 h5 27. Ne5 Rg7 28. Qe2 b4 29. Rc2 Bb7 30. Rdc1 Qf6 31. Bh3 Bxe5 32. dxe5 Qg6 33. Rc7 d4 34. Bg2 Rff7 35. Rxf7 Rxf7 36. Qd3 Kg7 37. Bxd4 g4 38. fxg4 Qxg4 39. Bxb7 Nxd4 40. Rc4 Qe2 41. Qxe2 Nxe2+ 42. Kg2 Rxb7 0-1

[Event "Spring Chess Classic A 2024"]
[Site "Saint Louis"]
[Date "2024.04.16"]
[Round "5.2"]
[White "Ter-Sahakyan, Samvel"]
[Black "Hakobyan, Aram"]
[Result "1-0"]
[ECO "C78"]
[WhiteElo "2644"]
[BlackElo "2619"]
[Annotator "RC"]
[PlyCount "79"]
[EventDate "2024.04.11"]
[EventCountry "USA"]
[SourceTitle "playchess.com"]
[Source "ChessBase"]
[SourceQuality "1"]
[TimeControl "7200+30"]

1. e4 e5 2. Nf3 Nc6 3. Bb5 a6 4. Ba4 Nf6 5. d3 Bc5 6. O-O b5 7. Bb3 d6 8. a4 b4 9. c3 O-O 10. Bg5 h6 11. Bh4 Rb8 12. Nbd2 Ba7 13. a5 g5 14. Bg3 Kh8 15. Re1 Nh7 16. Ba4 Ne7 17. d4 bxc3 18. bxc3 f5 19. exf5 exd4 20. Nxd4 Bxd4 21. cxd4 Nxf5 22. d5 Rb4 23. Ra3 Qf6 24. Ne4 Qg7 25. Bc2 Rd4 26. Rd3 Bb7 27. f3 Rxd3 28. Qxd3 Nxg3 29. Nxg3 Nf6 30. Nf5 Qf7 31. Qc3 Qxd5 32. Ne7 Qc5+ 33. Qxc5 dxc5 34. Ng6+ Kg7 35. Nxf8 Kxf8 36. Bd3 Ne8 37. Re5 c6 38. h4 gxh4 39. Rxc5 Nf6 40. Bxa6 1-0

[Event "Spring Chess Classic A 2024"]
[Site "Saint Louis"]
[Date "2024.04.16"]
[Round "5.3"]
[White "Yoo, Christopher Woojin"]
[Black "Mishra, Abhimanyu"]
[Result "1/2-1/2"]
[ECO "C78"]
[WhiteElo "2583"]
[BlackElo "2626"]
[Annotator "RC"]
[PlyCount "186"]
[EventDate "2024.04.11"]
[EventCountry "USA"]
[SourceTitle "playchess.com"]
[Source "ChessBase"]
[SourceQuality "1"]
[TimeControl "7200+30"]

1. e4 e5 2. Nf3 Nc6 3. Bb5 a6 4. Ba4 Nf6 5. O-O b5 6. Bb3 Bc5 7. c3 d6 8. d4 Bb6 9. a4 Rb8 10. a5 Ba7 11. h3 Bb7 12. Be3 Nxe4 13. d5 Bxe3 14. dxc6 Nxf2 15. Qe2 Nxh3+ 16. Kh1 Nf2+ 17. Rxf2 Bxf2 18. Qxf2 Bxc6 19. Nxe5 Bxg2+ 20. Kg1 Qf6 21. Nxf7 Qxf2+ 22. Kxf2 Rf8 23. Kxg2 Rxf7 24. Bxf7+ Kxf7 25. Nd2 b4 26. c4 Re8 27. Kf3 g5 28. c5 dxc5 29. Ne4 Re5 30. Rc1 Ke6 31. Nxc5+ Kd6 32. Nxa6 Rxa5 33. Nxb4 Rf5+ 34. Ke3 Re5+ 35. Kd2 Rb5 36. Rc6+ Kd7 37. Rc4 h5 38. Nd3 Kd6 39. Ke3 h4 40. b4 h3 41. Kf3 Rd5 42. Nc5 Rf5+ 43. Kg3 Rf4 44. Rc2 Rxb4 45. Kxh3 Kd5 46. Na6 Rc4 47. Nxc7+ Kd4 48. Ne6+ Kd5 49. Re2 Re4 50. Nc7+ Ke5 51. Rc2 Rb4 52. Rc6 Rd4 53. Kg3 Ke4 54. Kg4 Kd3+ 55. Kxg5 Rc4 56. Rd6+ Ke4 57. Ne8 Rc5+ 58. Kg4 Ke5 59. Ra6 Rc1 60. Ra5+ Kd4 61. Nd6 Rg1+ 62. Kf3 Rf1+ 63. Ke2 Rh1 64. Nf5+ Kc4 65. Ne3+ Kd4 66. Ra4+ Ke5 67. Kd3 Rh3 68. Re4+ Kd6 69. Kd4 Rh5 70. Rg4 Ke6 71. Rg6+ Kf7 72. Ra6 Rh1 73. Nc4 Rd1+ 74. Kc5 Rc1 75. Rh6 Ke7 76. Rh2 Ke6 77. Re2+ Kf6 78. Kd5 Rd1+ 79. Nd2 Ra1 80. Ne4+ Kf5 81. Rf2+ Kg4 82. Nc3 Ra8 83. Ne4 Ra1 84. Rf6 Ra5+ 85. Ke6 Ra6+ 86. Nd6 Kg3 87. Kd5 Ra5+ 88. Kd4 Ra4+ 89. Ke3 Ra3+ 90. Ke4 Ra4+ 91. Nc4 Rxc4+ 92. Kd5 Rf4 93. Rxf4 Kxf4 1/2-1/2

[Event "Spring Chess Classic A 2024"]
[Site "Saint Louis"]
[Date "2024.04.16"]
[Round "5.4"]
[White "Theodorou, Nikolas"]
[Black "Aryan Chopra"]
[Result "1/2-1/2"]
[ECO "E01"]
[WhiteElo "2622"]
[BlackElo "2630"]
[Annotator "RC"]
[PlyCount "113"]
[EventDate "2024.04.11"]
[EventCountry "USA"]
[SourceTitle "playchess.com"]
[Source "ChessBase"]
[SourceQuality "1"]
[TimeControl "7200+30"]

1. d4 d5 2. c4 c6 3. Nf3 Nf6 4. Nc3 e6 5. g3 dxc4 6. Bg2 Nbd7 7. O-O b5 8. e4 Bb7 9. e5 Nd5 10. Ng5 Nxc3 11. bxc3 Nb6 12. Qh5 Qd7 13. Ne4 Nd5 14. Bg5 h6 15. Rfe1 Rg8 16. Bd2 a5 17. Qg4 g6 18. a4 b4 19. Rab1 b3 20. Bf1 Ba6 21. Nc5 Bxc5 22. dxc5 h5 23. Qh4 Qe7 24. Re4 Qxh4 25. Rxh4 Ke7 26. Bxc4 g5 27. Rd4 Bxc4 28. Rxc4 Rab8 29. Rd4 g4 30. Kg2 f6 31. exf6+ Kxf6 32. c4 e5 33. Rd3 e4 34. Rdxb3 Rxb3 35. Rxb3 Nb4 36. Bxb4 axb4 37. Rxb4 Ra8 38. Rb6 Rxa4 39. Rxc6+ Ke5 40. Rh6 e3 41. Rxh5+ Ke4 42. fxe3 Rxc4 43. Kf2 Rc2+ 44. Ke1 Kxe3 45. Kd1 Rc4 46. Rg5 Kd3 47. c6 Rxc6 48. Rxg4 Rh6 49. h4 Ra6 50. Kc1 Kc3 51. Kb1 Rb6+ 52. Kc1 Ra6 53. Kd1 Kd3 54. Ke1 Ke3 55. Kd1 Kd3 56. Ke1 Ke3 57. Kd1 1/2-1/2

[Event "Spring Chess Classic A 2024"]
[Site "Saint Louis"]
[Date "2024.04.16"]
[Round "5.5"]
[White "Antipov, Mikhail Al."]
[Black "Swiercz, Dariusz"]
[Result "1-0"]
[ECO "C55"]
[WhiteElo "2574"]
[BlackElo "2612"]
[Annotator "RC"]
[PlyCount "163"]
[EventDate "2024.04.11"]
[EventCountry "USA"]
[SourceTitle "playchess.com"]
[Source "ChessBase"]
[SourceQuality "1"]
[TimeControl "7200+30"]

1. e4 e5 2. Nf3 Nc6 3. Bc4 Nf6 4. d3 h6 5. c3 d6 6. a4 g5 7. a5 Bg7 8. a6 b6 9. Bb5 Bd7 10. h3 O-O 11. c4 Ne7 12. Bxd7 Qxd7 13. Nc3 c6 14. O-O Ng6 15. d4 exd4 16. Nxd4 Rfe8 17. Nf5 Nxe4 18. Nxg7 Kxg7 19. Qd4+ Nf6 20. f4 g4 21. f5 Ne5 22. Bd2 Rh8 23. hxg4 Nfxg4 24. Rf4 h5 25. f6+ Kf8 26. Ne4 Rd8 27. Rd1 Rg8 28. Bc3 Qe6 29. c5 bxc5 30. Nxc5 Qd5 31. Nb7 Ne3 32. Qxd5 cxd5 33. Rd2 Rd7 34. Bd4 N3c4 35. Rc2 Nc6 36. b3 Nb4 37. Rc3 Nxa6 38. Na5 Rg5 39. bxc4 dxc4 40. Nxc4 Nc7 41. Ne3 Ne6 42. Rf5 Kg8 43. Rxg5+ Nxg5 44. Nd5 Kh7 45. Rb3 Ne6 46. Bb2 Kg6 47. Kf2 a5 48. Rg3+ Kh7 49. Ne7 Rb7 50. Ba3 a4 51. Rh3 Rb5 52. Bxd6 Kh6 53. g4 Rg5 54. gxh5 Rxh5 55. Re3 Rh1 56. Rg3 Rd1 57. Nf5+ Kh7 58. Bb4 Rb1 59. Be7 Rb3 60. Rg4 a3 61. Ra4 Rb2+ 62. Ke3 a2 63. Kd3 Rf2 64. Ne3 Rxf6 65. Bxf6 Nc5+ 66. Kc4 Nxa4 67. Kb5 Kg6 68. Ba1 f5 69. Kxa4 f4 70. Nd1 Kf5 71. Kb3 Ke4 72. Kc2 Kf3 73. Kd2 Kg2 74. Ke2 Kg3 75. Nf2 Kg2 76. Ne4 f3+ 77. Ke3 Kf1 78. Kxf3 Ke1 79. Ke3 Kd1 80. Kd3 Kc1 81. Nd2 Kd1 82. Nb3 1-0

[Event "Spring Chess Classic A 2024"]
[Site "Saint Louis"]
[Date "2024.04.17"]
[Round "6.1"]
[White "Mendonca, Leon Luke"]
[Black "Swiercz, Dariusz"]
[Result "1-0"]
[ECO "B33"]
[WhiteElo "2626"]
[BlackElo "2612"]
[Annotator "TA"]
[PlyCount "107"]
[EventDate "2024.04.11"]
[EventCountry "USA"]
[SourceTitle "playchess.com"]
[Source "ChessBase"]
[SourceQuality "1"]
[TimeControl "7200+30"]

1. e4 c5 2. Nf3 Nc6 3. d4 cxd4 4. Nxd4 Nf6 5. Nc3 e5 6. Ndb5 d6 7. Nd5 Nxd5 8. exd5 Nb8 9. a4 Be7 10. Be2 O-O 11. O-O {[%emt 0:01:37] B33: Sicilian: Pelikan and Sveshnikov Variations.} Nd7 12. b4 a6 13. Na3 b6 14. Nc4 Rb8 15. Be3 f5 16. f3 f4 $146 ({Predecessor:} 16... Kh8 17. a5 b5 18. Nb6 Nxb6 19. axb6 Bb7 20. c4 bxc4 21. Bxc4 Ra8 22. Qe2 Qd7 {1-0 Martinez Alcantara,J (2620)-Maksimovic,B (2398) Titled Tuesday intern op 19th May blitz 2020 (8)}) 17. Bf2 Rf6 18. Ra3 Qe8 19. g4 fxg3 20. Bxg3 Qf7 21. Rc3 Bb7 22. Ne3 Bd8 (22... Qf8 $5) 23. Rc6 h5 (23... Qf8 $11) 24. Kh1 $14 Nf8 25. Bd3 Ng6 26. Be4 b5 27. c4 bxc4 $1 28. Nxc4 (28. Rxc4 Bb6 29. Nc2 Ba7 $17) 28... h4 (28... Bxc6 $6 29. dxc6 Qf8 30. Ne3 $16 (30. Qd5+ Kh8 $14)) ({Black should try} 28... Bc7 $14) 29. Nxd6 (29. Bf2 {simplifies} Bc7 30. Ne3 Kh8 31. Rc4) 29... Qd7 30. Nxb7 hxg3 31. Bxg6 Qh3 32. Qe2 $1 Rxb7 33. Qg2 (33. Qxa6 $2 Qxh2#) 33... Qxg2+ 34. Kxg2 gxh2 ({Black should play} 34... Rxb4 35. hxg3 (35. Kxg3 Rxa4 36. Rb1 Rf8 $16) 35... a5) 35. Rb1 $1 $16 (35. Kxh2 $6 Rxb4 36. Rb1 Rxc6 37. dxc6 (37. Rxb4 $2 Rxg6 38. Kh3 Rd6 $19) 37... Rxb1 38. Bxb1 Kf7 $11) 35... h1=Q+ 36. Kxh1 Rxf3 (36... Kf8 $16 37. Kg2 Ke7) 37. Rxa6 $18 Rf4 38. Re6 Re7 $2 {[%emt 0:00:53] [#]} (38... Rb8 39. d6 (39. Rxe5 $2 Rh4+ 40. Kg2 Rg4+ 41. Kf1 Rxg6 $17) (39. Re8+ Rf8 $18) 39... Bf6) 39. Rd6 $1 $18 Bc7 {[%emt 0:00:25] [#]} 40. Rc6 $1 Rd7 41. b5 Rd6 (41... Bd6 $142 42. Rc8+ Bf8) 42. b6 $18 Bb8 43. Rxd6 Bxd6 44. a5 Rh4+ 45. Kg2 Rg4+ 46. Kf1 Rxg6 47. a6 $2 (47. Rc1 Rf6+ 48. Ke2) 47... Rg4 $2 (47... Bc5 48. a7 Rg1+ 49. Ke2 Rg2+ 50. Kf3 (50. Kd3 Ra2 $18) 50... Ra2) 48. a7 $18 Ra4 49. Rc1 Kf7 50. Rc8 Ra1+ 51. Ke2 Ra2+ 52. Kd1 Ra1+ 53. Kc2 Bc5 54. Rxc5 ({Inferior is} 54. a8=B Bxb6 55. Bc6 Ra2+ 56. Kd3 Bc5 $11) 1-0

[Event "Spring Chess Classic A 2024"]
[Site "Saint Louis"]
[Date "2024.04.16"]
[Round "6.2"]
[White "Aryan Chopra"]
[Black "Antipov, Mikhail Al."]
[Result "1/2-1/2"]
[ECO "A29"]
[WhiteElo "2630"]
[BlackElo "2574"]
[Annotator "RC"]
[PlyCount "92"]
[EventDate "2024.04.11"]
[EventCountry "USA"]
[SourceTitle "playchess.com"]
[Source "ChessBase"]
[SourceQuality "1"]
[TimeControl "7200+30"]

1. c4 Nf6 2. Nc3 e5 3. Nf3 Nc6 4. g3 Nd4 5. Bg2 Nxf3+ 6. Bxf3 Bb4 7. g4 h6 8. h4 c6 9. Rg1 Nh7 10. d4 Qxh4 11. dxe5 Qh2 12. Rg3 Ng5 13. Bxg5 hxg5 14. Qd4 b6 15. O-O-O Bc5 16. Qd3 Rh6 17. Ne4 Bxf2 18. Rh1 Bxg3 19. Rxh2 Bxh2 20. Nd6+ Kf8 21. Nxc8 Rxc8 22. Qxd7 Re8 23. Bxc6 Rhe6 24. Qd5 Rc8 25. Bd7 Rd8 26. Bxe6 Rxd5 27. Bxd5 Bxe5 28. Kc2 a5 29. a3 Ke7 30. b4 axb4 31. axb4 f6 32. c5 bxc5 33. bxc5 Kd7 34. Kd3 Kc7 35. Be4 Ba1 36. Kc4 Be5 37. Kd5 Ba1 38. Ke6 Bd4 39. c6 Ba1 40. Kf7 Bb2 41. Bf3 Ba1 42. Kxg7 Bb2 43. Kg6 Ba1 44. Kg7 Bb2 45. Kg6 Ba1 46. Kg7 Bb2 1/2-1/2

[Event "Spring Chess Classic A 2024"]
[Site "Saint Louis"]
[Date "2024.04.16"]
[Round "6.3"]
[White "Mishra, Abhimanyu"]
[Black "Theodorou, Nikolas"]
[Result "1/2-1/2"]
[ECO "E11"]
[WhiteElo "2626"]
[BlackElo "2622"]
[Annotator "TA"]
[PlyCount "79"]
[EventDate "2024.04.11"]
[EventCountry "USA"]
[SourceTitle "playchess.com"]
[Source "ChessBase"]
[SourceQuality "1"]
[TimeControl "7200+30"]

1. d4 Nf6 2. c4 e6 3. Nf3 d5 4. g3 Bb4+ 5. Bd2 Be7 6. Bg2 O-O 7. O-O Nbd7 {[%emt 0:00:04] The position is equal.} 8. b4 Ne4 9. Qb3 c6 10. Rc1 a5 11. bxa5 Nxd2 12. Nbxd2 Qxa5 13. a4 Rd8 14. e3 b6 15. cxd5 cxd5 16. Bf1 Ba6 17. Bxa6 Qxa6 18. Ne1 Qa5 19. Ndf3 Rdc8 20. Nd3 Bd6 21. Qb5 Rxc1+ 22. Rxc1 Qxa4 {[%emt 0:00:19] [#]} (22... Qxb5 {simplifies} 23. axb5 Kf8 24. Rc6 Ke7) 23. Rc8+ $1 Nf8 24. Qxa4 Rxa4 25. Rc6 Ra3 26. Rxd6 Rxd3 27. Rxb6 $11 {[%emt 0:00:42][%mdl 4096] Endgame. KRN-KRN} Rc3 28. h4 h5 29. Ng5 Rc7 30. Rb8 g6 31. Kg2 Kg7 32. Re8 Nh7 33. Nxh7 Kxh7 {[%emt 0:00:03] KR-KR} 34. Ra8 Kg7 35. Rb8 Ra7 36. Rc8 Rb7 37. Ra8 Rc7 38. Rb8 Ra7 39. Rb6 Ra1 40. Rb8 {[%emt 0:00:06] An even fight not without its subleties.   Weighted Error Value: White=0.03 (flawless) /Black=0.03 (flawless) .  OK:         	White=12    	Black=14} 1/2-1/2